 Seeded DCSS version 0.30-a0-1103-g25895a7845 (webtiles) character file.

Game seed: 7851298505247932012 (custom seed)

62 Pimp the Ruffian (level 3, -2/43 HPs)
             Began as a Draconian Transmuter on Apr 18, 2023.
             Slain by a gnoll
             ... wielding a +0 whip
              (5 damage)
             ... on level 3 of the Dungeon.
             The game lasted 00:09:00 (2099 turns).

Pimp the Ruffian (Draconian Transmuter)             Turns: 2099, Time: 00:09:01

Health: -2/43      AC:  5    Str: 14    XL:     3   Next: 85%
Magic:  5/6        EV: 13    Int: 13    God:
Gold:   152        SH:  0    Dex: 19    Spells: 5/6 levels left

rFire   . . .      SeeInvis .      - Unarmed
rCold   . . .      Faith    .    (no shield)
rNeg    . . .      Spirit   .    (body armour unavailable)
rPois   .          Reflect  .    (helmet restricted)
rElec   .          Rampage  .    (no cloak)
rCorr   .                        (no gloves)
Will    .....                    (no boots) Stlth
                                 b - amulet "Wuasiottu" {Acrobat Dex+8 Stlth+}
HPRegen 0.27/turn                (no ring)
MPRegen 0.10/turn                (no ring)

@: berserking, very quick
A: AC +5, unfitting armour, cold-blooded
a: no special abilities


You were on level 3 of the Dungeon.
You visited 1 branch of the dungeon, and saw 4 of its levels.

You collected 152 gold pieces.

Inventory:

Hand Weapons
 g - a +0 dagger of venom
Missiles
 e - a throwing net
Jewellery
 b - the amulet "Wuasiottu" (around neck) {Acrobat Dex+8 Stlth+}
   (You acquired it on level 1 of the Dungeon)

   [amulet of the acrobat]

   It increases your evasion while moving and waiting.
   Dex:       It affects your dexterity (+8).
   Stlth:     It makes you more stealthy.
Scrolls
 h - 4 scrolls of teleportation {unknown}
 i - 2 scrolls of fog {unknown}
 l - a scroll of amnesia
 m - a scroll of identify {unknown}
 o - a scroll of fear {unknown}
 q - a scroll of blinking {unknown}
Potions
 a - a potion of lignification
 c - a potion of berserk rage
 d - a potion of might {unknown}
 f - a potion of degeneration {unknown}
 j - a potion of cancellation {unknown}
 k - a potion of heal wounds {unknown}
 n - a potion of resistance {unknown}
 p - a potion of invisibility {unknown}


   Skills:
 + Level 2.0 Fighting
 + Level 2.3 Dodging
 + Level 3.4 Unarmed Combat
 + Level 2.4 Spellcasting
 + Level 2.5 Transmutations


You had 5 spell levels left.
You knew the following spells:

 Your Spells              Type           Power      Damage    Failure   Level
a - Beastly Appendage     Tmut           16%        N/A       9%          1

Your spell library contained the following spells:

 Spells                   Type           Power      Damage    Failure   Level
 Wereblood                Tmut           8%         N/A       13%         2
 Freeze                   Ice            4%         1d3       24%         1
 Magic Dart               Conj           4%         1d3       24%         1
 Call Imp                 Summ           2%         N/A       36%         2
 Spider Form              Tmut/Pois      4%         N/A       41%         3
 Frozen Ramparts          Ice            2%         1d1       58%         3
 Hailstorm                Conj/Ice       1%         3d3       58%         3
 Mephitic Cloud           Conj/Pois/Air  1%         N/A       58%         3
 Ice Form                 Ice/Tmut       4%         N/A       82%         4


Dungeon Overview and Level Annotations

Branches:
Dungeon (4/15)
 Temple: D:4-7

Altars:

Shops:
D:2 (   D:3 =


Innate Abilities, Weirdness & Mutations

Your plain brown scales are hard. (AC +5)
You cannot fit into any form of body armour.
You are cold-blooded and may be slowed by cold attacks.


Message History

The gnoll is severely wounded.
The gnoll closely misses you. The gnoll hits you with a +0 spear.
The gnoll barely misses you.
You hit the gnoll.
You kill the gnoll!
A goblin comes into view. It is wielding a +0 dagger.
The gnoll hits you with a +0 whip. The gnoll hits you but does no damage.
Your Fighting skill increases to level 2!
The gnoll misses you. The gnoll closely misses you.
There is a stone staircase leading up here.
The goblin shouts!
You hit the gnoll but do no damage. The gnoll barely misses you.
A gnoll comes into view. It is wielding a +0 spear.
The gnoll hits you from afar with a +0 spear!
The orc hits you with a +0 short sword.
* * * LOW HITPOINT WARNING * * *
The gnoll barely misses you.
The gnoll hits you from afar with a +0 spear.
* * * LOW HITPOINT WARNING * * *
You climb upwards.
Your horns disappear.
Your talons disappear.
There is a stone staircase leading down here.
It was a potion of berserk rage.
A red film seems to cover your vision as you go berserk!
You feel yourself moving faster!
You feel mighty! The orc barely misses you. The gnoll barely misses you.
You hit the orc but do no damage.
Your tail-slap misses the orc.
The orc hits you but does no damage. The gnoll closely misses you.
You closely miss the orc. You punch the orc!
You kill the orc!
The gnoll hits you with a +0 whip.
* * * LOW HITPOINT WARNING * * *
You barely miss the gnoll. The gnoll misses you.
You barely miss the gnoll.
Your tail-slap misses the gnoll.
You hit the gnoll. You tail-slap the gnoll!
The gnoll is almost dead.
The gnoll hits you with a +0 whip.
You die...

...## ##.....###....###
....###.......#####.#
.>..................#
...####........###..#
######.......#.###..#
##........#...#..##
#..........##.#...# #
#..........##g#.#.##
####..........##@#.#..#
..............##)#.##.#
####..........##.#.##.#
#.........###.#.##.### #
#..........##...##...#
####..........###...###.#
..##..........####..# #.#
#.........∩....# #..# #.#
.............÷.# #..###.#


You could see a gnoll.

Vanquished Creatures
  A gnoll (D:4)
  An adder (D:2)
  A dart slug (D:2)
  5 orcs (D:3)
  2 bats (D:2)
  4 endoplasms
  A giant cockroach (D:1)
  4 goblins
  4 hobgoblins
  4 kobolds
  A quokka (D:1)
  2 ball pythons
  3 frilled lizards
  2 rats
35 creatures vanquished.

Notes
Turn   | Place    | Note
-------+----------+-------------------------------------------
     0 | D:1      | Pimp the Draconian Transmuter began the quest for the Orb.
     0 | D:1      | Reached XP level 1. HP: 16/16 MP: 3/3
   318 | D:1      | Reached XP level 2. HP: 23/23 MP: 3/5
   412 | D:1      | Identified a scroll of acquirement
   417 | D:1      | Acquired the amulet "Wuasiottu" {Acrobat Dex+8 Stlth+}
   664 | D:2      | Found Muinuro's Antique Weapon Boutique.
   832 | D:2      | Reached XP level 3. HP: 29/29 MP: 4/6
  1405 | D:3      | Found a faded altar of an unknown god.
  1710 | D:3      | Found Zusmamos's Jewellery Emporium.
  2099 | D:3      | Slain by a gnoll

Illustrated notes

Levels and vault maps discovered:
D:1:      minmay_arrival_wavy_path, layout_rooms
D:2:      layout_loops_ring, serial_shops, shop
D:3:      layout_rooms, serial_shops, shop, nicolae_ecumenical_oubliette
D:4:      layout_gridville, amethyst_overflow_temple_binary, serial_shops, shop,
          kennysheep_path_1, chequers_serial_rivers_room_a

Skill      XL: |  1  2  3 |
---------------+----------+-----
Dodging        | 2 |  2.3
Fighting       | 2 |  2.0
Unarmed Combat | |  3.4
Spellcasting   | |  2.4
Transmutations | |  2.5

Action                     || total
---------------------------++-------
  Melee: Unarmed           ||    77
         Dagger            ||     5
         Tailslap          ||    11
         Kick              ||     8
         Headbutt          ||    10
         Punch             ||     1
   Cast: Beastly Appendage ||    17
    Use: Scroll            ||     4
         Potion            ||     1
   Stab: Sleeping          ||     3
         Distracted        ||     1
 Armour: Skin              ||    18
  Dodge: Dodged            ||    58

Table legend: (Time is in decaauts)
 A = Elapsed time spent in this place.
 B = Non-inter-level travel time spent in this place.
 C = Inter-level travel time spent in this place.
 D = Time resting spent in this place.
 E = Time spent auto-exploring this place.
 F = Levels seen in this place.
 G = Mean time per level.
                   A        B        C        D        E       F      G
               +--------+--------+--------+--------+--------+-----+--------+
         Total |   2093 |   1930 |    163 |    181 |   1373 |   4 |  523.2 |
       Dungeon |   2093 |   1930 |    163 |    181 |   1373 |   4 |  523.2 |
               +--------+--------+--------+--------+--------+-----+--------+

Top non-repeatable levels by time:
     D:2: 926 daAuts
     D:3: 609 daAuts
     D:1: 544 daAuts
     D:4: 13 daAuts
